Map: Galactic Process LE

Players

ThePatriarch

  • Race: Terran Terran
  • League: Gold
  • Spawn Location: 1:00

Fropez - Winner!

  • Race: Protoss Protoss
  • League: Gold
  • Spawn Location: 7:00

VOD

Have the link to the VOD?

Description

Time

  • Played on: Oct. 7, 2016, 5:42 p.m.
  • Length: 20:00
Show
View Real Time Build Order
Export as new Build Order

ThePatriarch Terran 

Build Orders: Liberator Opening, MMM Bio 

Get SALT Encoding   

  12  0:02  SCV  
  14  0:14  SCV  
  14  0:23  Supply Depot  
  14  0:26  SCV  
  15  0:32  Refinery  
  15  0:45  SCV  
  16  0:50  Barracks  
  16  0:57  SCV  
  17  1:05  Supply Depot  
  17  1:09  SCV  
  18  1:21  SCV  
  19  1:29  Supply Depot  
  19  1:33  SCV  
  19  1:37  Reaper  
  21  1:46  Orbital Command  
  21  2:00  Factory  
  21  2:15  SCV  
  22  2:22  Command Center  
  23  2:30  SCV  
  23  2:31  Barracks Tech Lab  
  23  2:35  Refinery  
  23  2:44  Starport  
  23  3:03  SCV  
  23  3:05  Marine  
  25  3:15  SCV  
  26  3:21  Factory Reactor  
  26  3:22  Marine  
  26  3:24  Medivac  
  29  3:27  SCV  
  30  3:40  SCV  
  30  3:41  Marauder, Liberator  
  31  3:52  SCV  
  32  3:57  Barracks  
  34  4:12  Orbital Command  
  34  4:14  Widow Mine x2  
  38  4:22  Marauder  
  40  4:29  SCV  
  41  4:39  Supply Depot  
  41  4:41  SCV x2  
  43  4:48  Stimpack  
  43  4:50  Barracks  
  43  4:53  SCV  
  43  4:54  SCV  
  45  5:03  Barracks  
  45  5:05  SCV  
  45  5:06  Barracks Reactor, SCV  
  47  5:17  SCV  
  47  5:18  SCV, Factory Tech Lab  
  49  5:21  Supply Depot  
  49  5:27  Marauder  
  51  5:29  SCV  
  51  5:30  SCV  
  52  5:39  Barracks  
  46  5:54  SCV x2  
  40  6:06  SCV x2  
  41  6:13  Marine x2  
  41  6:18  SCV  
  40  6:28  Marauder  
  40  6:31  Marine x2  
  44  6:34  Barracks Reactor, Barracks Tech Lab  
  44  6:48  SCV x2  
  45  6:57  Supply Depot  
  45  6:58  Combat Shields  
  45  7:00  SCV x2, Marauder  
  47  7:04  Marine x2, Marauder  
  47  7:05  Engineering Bay x2  
  50  7:22  Concussive Shells  
  50  7:24  Marine x2  
  50  7:25  Medivac  
  50  7:26  Marauder  
  50  7:27  Medivac  
  58  7:37  Marauder  
  58  7:38  Barracks Reactor  
  60  7:47  Marauder  
  60  7:48  SCV x2  
  64  8:00  SCV x2  
  66  8:12  SCV x2  
  68  8:22  Marine x2, Refinery  
  68  8:23  Marine x6  
  68  8:24  SCV x2, Refinery  
  78  8:34  Terran Infantry Weapons Level 1  
  78  8:36  Terran Infantry Armor Level 1  
  78  9:08  Marine  
  78  9:09  Marine, SCV  
  78  9:11  Marine  
  77  9:22  Marine x2  
  50  10:14  Supply Depot  
  50  10:16  Supply Depot x2  
  50  10:18  Supply Depot  
  50  10:19  Supply Depot  
  45  10:22  Supply Depot  
  39  10:39  Marine x2  
  42  10:46  Command Center  
  41  11:25  Orbital Command  
  35  11:59  Bunker  
  35  12:00  Bunker  
  35  12:04  Bunker  
  35  12:14  Barracks Reactor  
  35  12:21  Barracks Tech Lab  
  35  12:26  Orbital Command  
  35  12:28  SCV  
  36  12:40  SCV  
  37  12:52  SCV  
  37  12:57  Supply Depot  
  38  12:59  Marauder  
  38  13:04  SCV  
  41  13:09  Supply Depot  
  41  13:12  Marine x2, Starport  
  43  13:16  SCV  
  44  13:25  Starport  
  44  13:27  Orbital Command  
  44  13:47  Marine x2  
  46  13:56  Marauder  
  46  13:59  SCV x2  
  50  14:08  Starport Reactor, Starport Tech Lab  
  50  14:11  SCV x2  
  52  14:23  SCV x2  
  54  14:30  Refinery  
  54  14:35  SCV x2  
  56  14:44  Refinery  
  56  14:47  SCV x2, Refinery  
  56  14:51  Refinery  
  58  14:59  SCV  
  60  15:00  SCV  
  60  15:06  Marine x2, Marauder  
  64  15:11  SCV  
  64  15:12  SCV  
  66  15:24  SCV x2  
  66  15:27  Marauder  
  70  15:29  Medivac  
  72  15:36  SCV x2  
  72  15:38  Medivac  
  76  15:48  SCV x2  
  78  15:58  Command Center, Medivac  
  78  16:00  SCV x2, Medivac  
  84  16:12  SCV x2, Medivac  
  88  16:24  SCV x2  
  90  16:36  SCV x2  
  74  16:48  SCV  
  75  16:54  Marine x2, Marauder  
  75  17:00  Barracks  
  79  17:02  Barracks  
  79  17:16  Marauder  
  81  17:35  Armory  
  81  17:51  Engineering Bay  
  81  17:56  SCV x2  
  81  17:57  Engineering Bay  
  83  18:08  SCV x2  
  83  18:11  Barracks Reactor  
  83  18:12  Barracks Tech Lab  
  87  18:13  Marine x2, Marauder  
  88  18:20  SCV x2, Supply Depot  
  88  18:25  Supply Depot  
  89  18:27  Supply Depot  
  89  18:30  Marine  
  89  18:31  Marine  
  89  18:32  SCV x2  
  94  18:34  Marauder  
  92  18:44  SCV x2  
  92  18:52  Medivac x2  
  92  18:53  Medivac  
  92  18:55  Marine x3, Marauder x2  
  102  18:56  Marine  
  103  19:13  Marine x3  
  103  19:16  Marauder  
  99  19:17  Marauder  
  90  19:34  Marine x3  
  90  19:37  Marauder  
  87  19:38  Marauder  
Show
View Real Time Build Order
Export as new Build Order

Fropez Protoss - Winner!

Build Orders:  

Get SALT Encoding   

  12  0:01  Probe (Chrono Boost)  
  13  0:13  Probe (Chrono Boost)  
  14  0:19  Pylon  
  14  0:28  Probe (Chrono Boost)  
  15  0:40  Pylon  
  15  0:43  Gateway  
  15  0:47  Probe (Chrono Boost)  
  16  0:57  Probe (Chrono Boost)  
  16  1:03  Assimilator  
  17  1:08  Probe (Chrono Boost)  
  18  1:19  Probe (Chrono Boost)  
  18  1:23  Pylon  
  19  1:31  Probe (Chrono Boost)  
  20  1:33  Cybernetics Core  
  20  1:42  Probe (Chrono Boost), Gateway  
  21  1:50  Assimilator  
  21  1:52  Probe (Chrono Boost)  
  22  2:03  Probe (Chrono Boost)  
  23  2:10  Adept (Chrono Boost)  
  23  2:13  Warp Gate (Chrono Boost)  
  25  2:22  Probe  
  26  2:35  Nexus  
  26  2:40  Adept  
  28  2:47  Mothership Core (Chrono Boost)  
  30  2:55  Adept  
  32  3:17  Probe (Chrono Boost)  
  32  3:18  Adept  
  35  3:42  Pylon  
  35  4:01  Probe  
  36  4:11  Probe  
  36  4:15  Probe  
  36  4:16  Gateway  
  38  4:19  Gateway  
  38  4:20  Gateway  
  38  4:22  Probe, Gateway  
  39  4:24  Gateway  
  39  4:25  Adept x2  
  41  4:37  Probe  
  42  4:40  Probe  
  42  4:42  Forge  
  43  4:49  Probe  
  43  4:52  Adept x2  
  48  5:10  Probe  
  49  5:17  Adept x4  
  49  5:18  Adept  
  55  5:59  Stalker x3  
  55  6:24  Stalker x4  
  55  6:25  Stalker  
  61  6:27  Twilight Council  
  61  6:28  Pylon  
  61  6:30  Assimilator  
  61  6:32  Assimilator  
  55  6:33  Probe  
  55  6:35  Probe  
  55  6:37  Pylon  
  55  6:39  Pylon  
  57  6:54  Blink (Chrono Boost), Stalker x4  
  57  6:55  Probe, Stalker  
  57  6:56  Probe  
  57  6:59  Protoss Ground Weapons Level 1 (Chrono Boost)  
  65  7:15  Probe  
  65  7:19  Probe  
  67  7:27  Stalker x3  
  73  7:44  Nexus  
  73  7:51  Robotics Facility  
  73  7:56  Pylon  
  73  8:00  Pylon  
  73  8:05  Probe  
  74  8:12  Pylon  
  74  8:20  Probe  
  74  8:21  Probe  
  74  8:25  Dark Shrine  
  76  8:33  Probe  
  77  8:41  Stalker x4  
  61  9:36  Nexus  
  61  9:44  Stalker  
  63  9:57  Nexus  
  61  10:44  Pylon x2  
  61  11:33  Assimilator  
  61  11:46  Assimilator  
  61  11:49  Assimilator  
  61  12:07  Probe  
  61  12:12  Assimilator  
  62  12:20  Pylon  
  62  12:22  Pylon  
  62  12:23  Pylon  
  62  12:25  Pylon  
  62  12:32  Probe  
  61  12:50  Gateway  
  61  12:52  Gateway  
  61  12:53  Gateway  
  61  12:56  Gateway x2  
  61  12:58  Probe  
  61  13:00  Gateway  
  61  13:04  Pylon  
  61  13:05  Pylon, Zealot  
  62  13:36  Probe  
  62  13:37  Cybernetics Core  
  62  13:39  Gateway  
  63  13:41  Gateway  
  63  13:46  Probe  
  64  13:56  Probe  
  64  13:57  Probe  
  64  14:00  Forge  
  66  14:07  Probe  
  65  14:50  Probe x2  
  65  14:51  Twilight Council  
  65  14:52  Robotics Facility  
  67  14:56  Nexus  
  67  14:59  Assimilator, Protoss Ground Armor Level 1 (Chrono Boost)  
  67  15:00  Probe  
  67  15:01  Probe  
  67  15:03  Assimilator  
  69  15:13  Probe  
  70  15:19  Adept x5  
  80  15:33  Adept  
  80  15:34  Adept  
  84  15:37  Resonating Glaives  
  84  15:45  Probe  
  85  15:58  Immortal (Chrono Boost)  
  85  16:02  Probe  
  90  16:09  Probe  
  90  16:10  Probe  
  92  16:23  Nexus  
  92  16:31  Adept x4  
  95  16:53  Adept, Protoss Ground Weapons Level 2  
  95  16:54  Adept x5  
  107  17:15  Adept x4  
  109  17:16  Adept x2  
  119  17:25  Probe  
  119  17:26  Probe  
  121  17:36  Templar Archives  
  121  17:41  Stalker x2  
  121  17:42  Stalker x2  
  129  17:48  Probe  
  128  18:04  Adept x3  
  128  18:05  Adept x2  
  138  18:08  Probe x2  
  140  18:17  Assimilator  
Tags
 
Composition
MMM Bio
League
GoldGold
Matchup
PvT
Replay Pack
All Mines
Spawn Locations
Cross Positions
Add a new tag
Caveats
  • Supply blocks, unpowered buildings, or Contaminate may cause inaccurate times.
  • Supply counts are checked every 10 seconds.